 Dungeon Crawl Stone Soup version 0.23.1 (webtiles) character file.

Game seed: 3587733455246731031

1387 night the Carver (level 8, -3/58 HPs)
             Began as an Octopode Fighter on Mar 19, 2019.
             Slain by a gnoll
             ... wielding a +0 spear
              (11 damage)
             ... on level 5 of the Dungeon.
             The game lasted 00:13:42 (5820 turns).

night the Carver (Octopode Fighter)                 Turns: 5820, Time: 00:13:43

Health: -3/58      AC:  1    Str: 18    XL:     8   Next: 67%
Magic:  8/8        EV: 11    Int: 10    God:
Gold:   223        SH:  9    Dex: 11    Spells: 7/7 levels left

rFire    . . .     SeeInvis .   b - +2 dagger (venom)
rCold    . . .     Gourm    .   i - +0 shield
rNeg     . . .     Faith    .   (helmet restricted)
rPois    .         Spirit   .   (no amulet)
rElec    .         Reflect  .   t - ring of stealth
rCorr    .         Harm     .   C - ring of flight
MR       .....                  (no ring)
Stlth    ++++......             (no ring)
HPRegen  0.19/turn              (no ring)
MPRegen  0.11/turn              (no ring)
                                (no ring)
                                (no ring)

@: no status effects
A: almost no armour, stealthy swim, amphibious, 8 rings, constrict 8, camouflage
1, gelatinous body 1
a: Evoke Flight


You were on level 5 of the Dungeon.
You were not hungry.

You visited 1 branch of the dungeon, and saw 5 of its levels.
You also visited: Sewer.

You collected 223 gold pieces.

Inventory:

Hand Weapons
 a - a +0 long sword
 b - a +2 dagger of venom (weapon)
Missiles
 f - 206 stones (quivered)
 n - 46 bolts
 q - 22 sling bullets
Armour
 i - a +0 shield (worn)
Magical Staves
 G - an uncursed staff of power
Jewellery
 t - a ring of stealth (left tentacle)
 C - a ring of flight (right tentacle)
Wands
 w - a wand of iceblast (8)
Scrolls
 m - 4 scrolls of teleportation
 o - a scroll of noise {unknown}
 r - 3 scrolls of fog {unknown}
 u - a scroll of blinking {unknown}
 y - a scroll of amnesia {unknown}
 A - a scroll of fear {unknown}
Potions
 c - a potion of might
 h - a potion of curing
 j - a potion of experience {unknown}
 k - 2 potions of brilliance
 s - 3 potions of heal wounds
 x - a potion of degeneration {unknown}
 z - a potion of invisibility {unknown}
 B - 2 potions of ambrosia {unknown}
 D - a potion of mutation {unknown}
 F - a potion of berserk rage {unknown}
Comestibles
 d - 7 rations
 v - 2 chunks of flesh


   Skills:
 + Level 6.5 Fighting
 * Level 8.5 Long Blades
 - Level 3.0 Dodging
 + Level 3.3 Stealth
 - Level 3.0 Shields


You had 7 spell levels left.
You didn't know any spells.
Your spell library was empty.

Dungeon Overview and Level Annotations

Branches:
Dungeon (5/15)             Temple (0/1) D:5

Altars:
Cheibriados
Fedhas
Makhleb
Nemelex Xobeh

Annotations:
D:2 exclusion: oklob plant


Innate Abilities, Weirdness & Mutations

You cannot wear most types of armour.
You are very stealthy in the water. (Stealth+)
You are amphibious.
You can wear up to eight rings at the same time.
You can use your tentacles to constrict eight enemies at once.
Your skin changes colour to match your surroundings (Stealth+).
Your rubbery body absorbs attacks. (AC +1, EV +1)


Message History

You closely miss something. Something hits you. Something shocks you.
You block the gnoll's attack.
You barely miss something.
The gnoll shouts!
You squeeze something. Something hits you. Something shocks you.
The gnoll hits you from afar with a +0 spear.
Something hits you but does no damage.
Your +2 dagger of venom begins to drip with poison!
b - a +2 dagger of venom (weapon)
The gnoll hits you from afar with a +0 spear!
There is an open door here.
You hit something but do no damage. Something hits you. Something shocks you.
* * * LOW HITPOINT WARNING * * *
You block the gnoll's attack.
You hit something. You squeeze something! Something hits you.
* * * LOW HITPOINT WARNING * * *
Something shocks you.
* * * LOW HITPOINT WARNING * * *
The gnoll hits you from afar with a +0 spear!
You die...

............# #.# ......."....#
#.#
....>.......###############.#####
............'...).............>..
........$...###########...###..##
#....########### #...# #....
#....# #.....!)# #...# #....
######*#......g########...###.#.#
,,,,,,,+...^..g'@.........#......
*******#..%....#########'##.#..##
#.......# #.#.....#. #.......#
###....#..#. #.......#
#........... #.......#
#........#.# #..<....#
#..#...#.#<# *.[.....*
#........### *,,,,,,,* ##.#.#.#.#


You could see 2 gnolls.

Vanquished Creatures
  2 ogres (D:4)
  4 big kobolds (Sewer)
  4 scorpions
  A howler monkey (D:5)
  2 bullfrog skeletons (D:4)
  3 hounds
  5 worker ants
  An iguana (D:4)
  A hound skeleton (D:4)
  A worker ant zombie (D:4)
  17 adders
  2 gnolls (D:5)
  A howler monkey skeleton (D:4)
  4 river rats (Sewer)
  3 oozes
  2 adder zombies (D:4)
  11 worms
  6 dart slugs
  3 orcs (D:3)
  6 giant cockroaches
  8 goblins
  10 hobgoblins
  10 jackals
  11 kobolds
  2 quokkas
  3 ball pythons
  9 bats
  9 frilled lizards
  A giant cockroach zombie (D:4)
  A leopard gecko skeleton (D:4)
  A leopard gecko zombie (D:4)
  2 quokka skeletons (D:4)
  A quokka zombie (D:4)
  9 rats
156 creatures vanquished.

Notes
Turn   | Place    | Note
-------+----------+-------------------------------------------
     0 | D:1      | night the Octopode Fighter began the quest for the Orb.
     0 | D:1      | Reached XP level 1. HP: 16/16 MP: 1/1
   252 | D:1      | Reached XP level 2. HP: 14/21 MP: 2/2
   439 | D:1      | Reached skill level 3 in Long Blades
   570 | D:1      | Reached XP level 3. HP: 26/26 MP: 3/3
   835 | D:2      | Found a sparkling altar of Nemelex Xobeh.
  1044 | D:2      | Found a blossoming altar of Fedhas.
  1065 | D:2      | Noticed an oklob plant
  1162 | D:2      | Reached XP level 4. HP: 28/32 MP: 4/4
  1359 | D:2      | Found a burning altar of Makhleb.
  1996 | D:3      | Found a glowing drain.
  1998 | D:3      | Reached skill level 4 in Long Blades
  2041 | D:3      | Reached XP level 5. HP: 10/37 MP: 5/5
  2102 | Sewer    | Entered a sewer
  2305 | Sewer    | Noticed a big kobold
  2313 | Sewer    | Killed a big kobold
  2447 | Sewer    | Reached skill level 5 in Long Blades
  2694 | Sewer    | Noticed a big kobold
  2700 | Sewer    | Reached XP level 6. HP: 42/44 MP: 6/6
  3148 | Sewer    | Reached skill level 6 in Long Blades
  3211 | Sewer    | Reached skill level 5 in Fighting
  3211 | Sewer    | Reached XP level 7. HP: 41/50 MP: 7/7
  4187 | D:4      | Reached skill level 7 in Long Blades
  4708 | D:4      | Reached XP level 8. HP: 57/57 MP: 8/8
  4827 | D:4      | Reached skill level 1 in Stealth
  5022 | D:4      | Reached skill level 8 in Long Blades
  5167 | D:4      | Found a snail-covered altar of Cheibriados.
  5288 | D:5      | Entered Level 5 of the Dungeon
  5820 | D:5      | Slain by a gnoll

Skill      XL: |  1  2  3  4  5  6  7  8 |
---------------+-------------------------+-----
Long Blades    | 3 4 5 6 7 8 |  8.5
Fighting       | 4 5 6 |  6.5
Stealth        | 3 |  3.3
Dodging        | |  3.0
Shields        | |  3.0

Action                   |  1- 3 |  4- 6 |  7- 9 || total
-------------------------+-------+-------+-------++-------
Melee: Long sword        |    40 |    48 |    63 ||   151
       Constrict         |    20 |    31 |    45 ||    96
       Tentacles         |    12 |    24 |    36 ||    72
       Dagger            |    21 |    54 |    96 ||   171
  Use: Potion            |       |     2 |       ||     2
       Scroll            |       |       |     7 ||     7
 Stab: Sleeping          |     5 |    10 |    18 ||    33
  Eat: Chunk             |     1 |     6 |     9 ||    16
Armor: Skin              |     4 |     5 |     7 ||    16
Dodge: Dodged            |    28 |    37 |    47 ||   112
Block: Shield            |    24 |    27 |    47 ||    98
       Rpst.: Long sword |     5 |     9 |    10 ||    24
